Map: Ghost River LE

Players

June

  • Race: Terran Terran
  • League: Diamond
  • Spawn Location: 1:00

A.I. 1 (Very Easy) - Winner!

  • Race: Terran Terran
  • Spawn Location: 11:00

VOD

https://www.youtube.com/watch?v=D_4xYIE-IfI

Description

Time

  • Played on: June 29, 2024, 11:35 p.m.
  • Length: 9:07
Show
View Real Time Build Order
Export as new Build Order

June Terran 

Build Orders: Battlecruisers, Mech 

Get SALT Encoding   

  12  0:00  SCV  
  13  0:12  SCV  
  14  0:16  Supply Depot  
  14  0:24  SCV  
  15  0:38  SCV  
  15  0:40  Barracks  
  16  0:44  Refinery  
  16  0:50  SCV  
  16  0:53  Refinery  
  17  1:02  SCV  
  18  1:14  SCV  
  19  1:26  Reaper  
  19  1:27  Orbital Command  
  19  1:28  Supply Depot  
  20  1:44  Factory  
  20  1:53  SCV  
  21  1:58  Reaper  
  22  2:05  SCV  
  23  2:17  SCV  
  23  2:22  Command Center  
  24  2:29  SCV  
  25  2:32  Starport  
  25  2:36  Barracks Reactor  
  25  2:41  SCV  
  26  2:47  Hellion  
  26  2:49  Supply Depot  
  28  2:54  SCV  
  29  3:06  SCV  
  29  3:09  Fusion Core  
  29  3:10  Factory Tech Lab  
  30  3:13  Marine x2  
  30  3:18  SCV  
  33  3:30  SCV  
  33  3:31  Marine x2  
  33  3:33  Orbital Command  
  36  3:42  SCV  
  37  3:48  Marine x2  
  37  3:54  SCV  
  40  4:02  Refinery  
  40  4:05  SCV  
  40  4:06  SCV, Marine x2  
  50  4:10  Battlecruiser  
  50  4:17  SCV  
  51  4:26  Factory Tech Lab  
  51  4:29  SCV  
  52  4:32  Supply Depot  
  52  4:33  Supply Depot  
  52  4:35  SCV  
  53  4:41  SCV  
  54  4:54  SCV, Cyclone  
  54  4:55  SCV  
  58  5:05  Refinery  
  58  5:06  SCV  
  59  5:07  SCV  
  59  5:09  Command Center  
  59  5:10  Supply Depot  
  60  5:16  Battlecruiser  
  60  5:18  SCV  
  60  5:19  SCV  
  68  5:31  Siege Tank  
  68  5:33  Supply Depot  
  68  5:34  Supply Depot  
  71  5:36  SCV x2  
  71  5:37  Weapon Refit  
  73  5:48  SCV x2  
  75  5:55  Factory x2  
  75  6:00  SCV x2  
  77  6:08  Siege Tank  
  77  6:10  Barracks Reactor  
  80  6:12  SCV x2  
  82  6:21  Supply Depot  
  82  6:22  Orbital Command, Refinery  
  82  6:24  SCV x2  
  84  6:36  SCV x2  
  86  6:40  Siege Tank  
  86  6:46  Refinery  
  89  6:48  SCV  
  89  6:49  SCV  
  89  6:52  Siege Tank  
  89  6:53  Hellion x2  
  98  6:56  SCV  
  98  6:57  Viking x2  
  98  7:01  SCV x2, Supply Depot  
  105  7:07  Engineering Bay  
  105  7:10  Infernal Pre-Igniter  
  105  7:12  SCV  
  105  7:13  SCV x2  
  108  7:18  Supply Depot  
  108  7:21  Supply Depot  
  108  7:24  SCV  
  108  7:25  SCV x2  
  108  7:29  Siege Tank x2, Hellion x2  
  121  7:31  Viking  
  121  7:36  Viking  
  125  7:40  SCV  
  125  7:42  Supply Depot  
  125  7:43  SCV x2  
  128  7:47  Supply Depot  
  128  7:50  Hellion x2  
  132  7:52  SCV  
  132  7:55  SCV x2  
  135  8:01  Siege Tank x2  
  135  8:03  Viking  
  135  8:05  Supply Depot  
  143  8:06  Viking  
  143  8:11  Hellion x2  
  143  8:12  Armory  
  149  8:14  Supply Depot, Armory  
  149  8:17  Supply Depot  
  149  8:19  SCV x3, Supply Depot  
  152  8:29  Supply Depot  
  152  8:31  SCV x3  
  152  8:33  Siege Tank x2, Supply Depot, Hellion x2  
  165  8:44  SCV x2  
  165  8:45  SCV  
  168  8:55  Command Center  
Show
View Real Time Build Order
Export as new Build Order

A.I. 1 (Very Easy) Terran - Winner!

Build Orders:  

Get SALT Encoding   

  12  0:00  SCV  
  13  0:13  SCV  
  14  0:18  Supply Depot  
  14  0:36  Refinery  
  14  0:42  Barracks  
  14  1:04  Supply Depot  
  14  1:12  Refinery  
  14  1:29  SCV  
  14  1:30  Marine  
  16  1:41  SCV  
  17  1:53  SCV  
  18  2:00  Marine  
  19  2:05  SCV  
  20  2:17  SCV  
  21  2:29  SCV  
  22  2:31  Marine  
  23  2:42  Orbital Command  
  23  5:40  SCV  
  23  5:41  Marine  
  23  5:42  Supply Depot  
  25  5:44  Factory  
  26  6:04  SCV  
  26  6:07  Supply Depot  
  26  6:13  Marine  
  26  6:16  SCV  
  25  6:28  SCV  
  25  6:29  Starport  
  25  6:32  Barracks Tech Lab  
  26  6:40  SCV  
  26  6:45  Command Center  
  27  6:49  Marine  
  28  7:06  Starport Tech Lab  
  28  7:22  Marauder  
  30  7:27  Raven  
  32  7:54  Marine  
  32  7:58  SCV  
  34  8:02  Raven  
  34  8:05  SCV, Refinery  
  37  8:09  Refinery  
  37  8:12  SCV  
  38  8:19  SCV  
  40  8:27  SCV  
  41  8:34  SCV  
  42  8:41  SCV  
  43  8:48  SCV  
Tags
 
League
Diamond
Matchup
TvT
Race
Terran
Spawn Locations
Close Positions
Add a new tag
Caveats
  • Supply blocks, unpowered buildings, or Contaminate may cause inaccurate times.
  • Supply counts are checked every 10 seconds.